 Dungeon Crawl Stone Soup version 0.21.1-1-g345015f (webtiles) character file.

116 aMcNicky the Magician (level 4, -6/25 HPs)
             Began as a Deep Elf Wizard on Mar 13, 2018.
             Killed from afar by Sigmund (7 damage)
             ... with a magic dart
             ... on level 3 of the Dungeon.
             The game lasted 00:18:26 (3448 turns).

aMcNicky the Magician (Deep Elf Wizard)             Turns: 3448, Time: 00:18:27

Health: -6/25      AC:  2    Str:  4    XL:     4   Next: 69%
Magic:  3/13       EV: 13    Int: 24    God:
Gold:   178        SH:  0    Dex: 13    Spells: 5/13 levels left

rFire    . . .     SeeInvis .   (no weapon)
rCold    . . .     Gourm    .   (no shield)
rNeg     . . .     Faith    .   a - +0 robe
rPois    +         Spirit   .   b - +0 hat
rElec    .         Reflect  .   (no cloak)
rCorr    .         Harm     .   (no gloves)
MR       .....                  (no boots)
Stlth    ++........             (no amulet)
HPRegen  0.08/turn              l - ring of wizardry
MPRegen  0.13/turn              q - ring of poison resistance

@: no status effects
A: no striking features
a: no special abilities


You were on level 3 of the Dungeon.
You were not hungry.

You visited 1 branch of the dungeon, and saw 4 of its levels.

You collected 178 gold pieces.

Inventory:

Missiles
 t - a throwing net (quivered)
Armour
 a - a +0 robe (worn)
 b - a +0 hat (worn)
 p - a +0 shield
Jewellery
 l - a ring of wizardry (left hand)
 q - a ring of poison resistance (right hand)
Wands
 s - a wand of iceblast (4)
Scrolls
 e - 3 scrolls of remove curse {@r2}
 g - a scroll of fear {unknown}
 j - a scroll of enchant armour
 k - a scroll of blinking {unknown}
 n - a scroll of identify {@r1}
 r - a scroll of enchant weapon {unknown}
Potions
 f - a potion of might {unknown}
 h - a potion of invisibility {unknown}
 i - a potion of lignification {unknown}
 m - a potion of haste {unknown}
 o - a potion of magic {unknown}
Books
 c - a book of Minor Magic

   Spells                             Type                      Level
   a - Magic Dart                     Conjuration                  1
   b - Blink                          Translocation                2
   c - Call Imp                       Summoning                    2
   d - Slow                           Hexes                        2
   e - Conjure Flame                  Conjuration/Fire             3
   f - Mephitic Cloud                 Conjuration/Poison/Air       3
Comestibles
 d - 2 rations
 u - 4 chunks of flesh


   Skills:
 + Level 1.6 Fighting
 + Level 3.6 Dodging
 - Level 2.4 Stealth
 + Level 5.3 Spellcasting
 + Level 2.6 Conjurations
   Level 1.1 Summonings
 - Level 1.1 Translocations


You had 5 spell levels left.
You knew the following spells:

 Your Spells              Type           Power        Failure   Level  Hunger
a - Magic Dart            Conj           ###.         1%          1    None
b - Blink                 Tloc           N/A          3%          2    None
c - Conjure Flame         Conj/Fire      ##......     6%          3    ##.....
d - Slow                  Hex            #.......     5%          2    None


Dungeon Overview and Level Annotations

Branches:
Dungeon (4/15)
 Temple: D:4-7

Altars:
Trog
Wu Jian

Annotations:
D:2 exclusion: 2 downstairs
D:3 Sigmund
D:4 Solrac's ghost, amateur HOMo


Message History

Press: ? - help, Dir - move target cursor The fire ignites!
You hear some strange, mumbled words.
A puff of flame appears from out of thin air!
The puff of flame hits you!
* * * LOW HITPOINT WARNING * * *
A puff of flame appears from out of thin air!
The puff of flame misses you.
Casting: Conjure Flame
Confirm with . or Enter, or press ? or * to list all spells.
You can't see any susceptible monsters within range! (Use Z to cast anyway.)
You hear some strange, mumbled words.
Something tries to affect you, but you resist.
A magic dart appears from out of thin air!
The magic dart hits you!
* * * LOW HITPOINT WARNING * * *
Something tries to affect you, but you resist.
A magic dart appears from out of thin air!
The magic dart hits you!
You die...

###.......#
####..#.≈...≈.#.
#......g####....##.(≈(≈≈.##
#............#####.[≈.≈..#.
#..........@.....##.≈.≈.###
# #.......##.......<###.###
#.##.......#####.#######.##
#....######## #.# #..[####
###........####.##
####..... ##.######..@.#..#
##.....(## #..#
####....###..####(.# #.##
####(....## ##.. ##.#
#.....#######. #..#
##..#.....#### ####
#.....##..<.# #.....#####..
#####.....#......
#...........#####


There were no monsters in sight!

Vanquished Creatures
  A hound (D:4)
  Ijyb (D:3)
  2 adders (D:3)
  A leopard gecko (D:2)
  A ball python (D:2)
  5 bats
  A giant cockroach (D:4)
  11 goblins
  4 hobgoblins
  4 jackals (D:1)
  A ball python skeleton (D:4)
  4 frilled lizards
  6 kobolds
  6 rats
48 creatures vanquished.

Notes
Turn   | Place    | Note
-------+----------+-------------------------------------------
     0 | D:1      | aMcNicky the Deep Elf Wizard began the quest for the Orb.
     0 | D:1      | Reached XP level 1. HP: 10/10 MP: 7/7
   240 | D:1      | Reached XP level 2. HP: 9/16 MP: 0/9
  1269 | D:2      | Learned a level 2 spell: Blink
  1271 | D:2      | Reached XP level 3. HP: 20/20 MP: 6/11
  1354 | D:2      | Reached skill level 1 in Fighting
  1708 | D:3      | Noticed Ijyb
  1733 | D:3      | Noticed Sigmund
  2243 | D:3      | Found an ornate altar of the Wu Jian Council.
  2591 | D:3      | Learned a level 3 spell: Conjure Flame
  2602 | D:4      | Noticed Solrac's ghost (amateur HOMo)
  2602 | D:4      | Reached skill level 5 in Spellcasting
  2602 | D:4      | Reached XP level 4. HP: 15/25 MP: 7/13
  3075 | D:3      | Killed Ijyb
  3237 | D:3      | Learned a level 2 spell: Slow
  3377 | D:3      | Found a bloodstained altar of Trog.
  3442 | D:3      | HP: 1/25 [something/magic dart (6)]
  3448 | D:3      | Killed from afar by Sigmund

Skill      XL: |  1  2  3 |
---------------+----------+-----
Dodging        | 3 |  3.6
Fighting       | 1 |  1.6
Conjurations   | 2 |  2.6
Spellcasting   | 5 |  5.3
Stealth        | |  2.4
Summonings     | |  1.1
Translocations | |  1.1

Action                   |  1- 3 |  4- 6 || total
-------------------------+-------+-------++-------
 Cast: Magic Dart        |    90 |    67 ||   157
       Blink             |     5 |     1 ||     6
       Conjure Flame     |       |     3 ||     3
  Use: Scroll            |     3 |       ||     3
  Eat: Chunk             |     3 |       ||     3
       Ration            |     1 |     1 ||     2
Armor: Robe              |     5 |     3 ||     8
Dodge: Dodged            |    36 |    19 ||    55
